 Dungeon Crawl Stone Soup version 0.28-a0-983-g1de4e0787c (webtiles) character file.

Game seed: 2388453623784116621

10518 Decritt the Cleaver (level 11, -1/103 HPs)
             Began as a Deep Dwarf Fighter on Dec 3, 2021.
             Was an Elder of Makhleb.
             Slain by a troll (8 damage)
             ... on level 10 of the Dungeon.
             The game lasted 00:32:08 (8954 turns).

Decritt the Cleaver (Deep Dwarf Fighter)            Turns: 8954, Time: 00:32:08

Health: -1/103     AC: 13    Str: 24    XL:     11   Next: 37%
Magic:  5/5        EV: 12    Int:  9    God:    Makhleb [****..]
Gold:   563        SH:  9    Dex: 12    Spells: 10/10 levels left

rFire   . . .      SeeInvis .   s - +2 war axe (freeze)
rCold   . . .      Faith    .   r - +0 kite shield
rNeg    . . .      Spirit   .   z - +2 acid dragon scales
rPois   .          Reflect  .   i - +0 helmet
rElec   .          Harm     .   (no cloak)
rCorr   +          Rampage  .   v - +0 pair of gloves
Will    +....                   (no boots)
Stlth   +.........              (no amulet)
HPRegen 0.00/turn               (no ring)
MPRegen 0.09/turn               (no ring)

@: about to teleport
A: damage resistance, heal wounds, sense surroundings 2, no regeneration
a: Heal Wounds, Renounce Religion, Minor Destruction, Lesser Servant of Makhleb,
Major Destruction


You were on level 10 of the Dungeon.
You worshipped Makhleb.
Makhleb was greatly pleased with you.
You visited 2 branches of the dungeon, and saw 12 of its levels.

You collected 563 gold pieces.

Inventory:

Hand Weapons
 s - a +2 war axe of freezing (weapon)
Missiles
 h - 2 javelins
 j - 2 silver javelins
Armour
 i - a +0 helmet (worn)
 r - a +0 kite shield (worn)
 v - a +0 pair of gloves (worn)
 z - +2 acid dragon scales (worn)
Wands
 f - a wand of digging (6)
 l - a wand of mindburst (22)
 A - a wand of paralysis (5)
 E - a wand of polymorph (6)
Scrolls
 a - 2 scrolls of blinking {unknown}
 b - 2 scrolls of magic mapping
 c - a scroll of amnesia {unknown}
 e - 2 scrolls of fog
 k - a scroll of enchant weapon
 t - a scroll of silence
 u - a scroll of acquirement {unknown}
 w - 2 scrolls of torment {unknown}
 x - a scroll of summoning
 y - a scroll of teleportation
Potions
 d - 3 potions of might
 g - 2 potions of mutation
 m - 4 potions of curing
 n - a potion of flight
 o - 2 potions of brilliance
 p - 3 potions of haste
 q - 2 potions of cancellation
 B - 2 potions of heal wounds
 D - 2 potions of lignification


   Skills:
 + Level 8.3 Fighting
 * Level 10.9 Axes
 + Level 9.0 Armour
 - Level 6.6 Dodging
 + Level 5.7 Shields
 + Level 8.8 Invocations


You had 10 spell levels left.
You didn't know any spells.
Your spell library contained the following spells:

 Spells                   Type           Power      Damage    Failure   Level
 Animate Skeleton         Necr           0%         N/A       85%         1
 Pain                     Necr           0%         1d4       85%         1
 Scorch                   Fire           0%         2d5       94%         2
 Gell's Gravitas          Tloc           0%         N/A       99%         3
 Teleport Other           Tloc           0%         N/A       99%         3
 Vampiric Draining        Necr           0%         2d6       99%         3
 Flame Wave               Conj/Fire      0%         2d4       100%        4
 Dispersal                Tloc           0%         N/A       100%        6
 Summon Cactus Giant      Summ           0%         N/A       100%        6
 Malign Gateway           Summ/Tloc      0%         N/A       100%        7
 Summon Horrible Things   Summ           0%         N/A       100%        8


Dungeon Overview and Level Annotations

Branches:
Dungeon (11/15)            Temple (1/1) D:4            Lair (0/6) D:8
    Orc (0/2) D:9

Altars:
Ashenzari
Cheibriados
Dithmenos
Elyvilon
Fedhas
Gozag
Hepliaklqana
Makhleb
Nemelex Xobeh
Okawaru
Qazlal
Ru
Trog
Uskayaw
Vehumet
Xom
Yredelemnul
Zin
The Shining One

Shops:
D:8 (


Innate Abilities, Weirdness & Mutations

You are resistant to damage.
You can heal yourself by infusing magical energy.
You passively map the area around you.
You do not regenerate.


Message History

The centaur warrior zombie barely misses you.
The green ugly thing closely misses you.
You block the orc's attack. You block the troll's attack.
The troll claws you but does no damage. x2
You climb upwards.
There is a stone staircase leading down, spattered with blood here.
As you read the scroll of teleportation, it crumbles to dust.
You feel strangely unstable. You block the troll's attack. The troll claws you.
The troll claws you but does no damage. The orc warrior closely misses you.
You block the green ugly thing's attack.
You block the orc's attack. The troll bites you!
* * * LOW HITPOINT WARNING * * *
The troll barely misses you. The troll claws you.
You are too injured to fight recklessly!
You slash the orc warrior! You freeze the orc warrior.
The orc warrior is moderately wounded.
You hit the troll but do no damage. You hit the troll. You freeze the troll.
You hit the green ugly thing. You freeze the green ugly thing.
You closely miss the orc. The troll closely misses you.
The troll claws you but does no damage. The troll barely misses you.
The orc warrior suddenly grunts, as Orcs often do.
You block the orc warrior's attack. The green ugly thing barely misses you.
The orc hits you with a +1 vorpal hand axe.
* * * LOW HITPOINT WARNING * * *
You block the troll's attack. The troll claws you.
* * * LOW HITPOINT WARNING * * *
The troll barely misses you. You block the orc warrior's attack.
The troll bites you!
* * * LOW HITPOINT WARNING * * *
The troll misses you. The troll completely misses you.
You hit the orc warrior. You freeze the orc warrior.
The orc warrior is moderately wounded.
You barely miss the troll. You hit the troll but do no damage.
You slash the green ugly thing! You freeze the green ugly thing.
You barely miss the orc.
The green ugly thing gores you but does no damage.
You block the orc's attack. The troll misses you.
The troll claws you but does no damage. You block the troll's attack.
The troll bites you!
You die...

....######...##...##....#.......#
.>..#........##...##....#.......#
....#.........#....+....#.......#
....#.........#....#....#.......#
....#.........#....#....'.......#
....#'##########..##..###..####+#
...............##'#######..##...#
...............#oo.........+....#
...............#@u.........#....#
...............#TT.........#....#
...............#...........#....#
...............#...........#....#
...............#...........#....#
...............#########'####'###
...####+#............###.####...#
...#....+............+........^.#
...#....#............#..........#


You could see a green ugly thing, 2 trolls, an orc warrior and an orc.

Vanquished Creatures
  A boulder beetle (D:8)
  2 two-headed ogres
  A deep elf pyromancer (D:9)
  An ugly thing (D:10)
  A gargoyle (D:10)
  Maggie (D:6)
  Psyche (D:8)
  2 komodo dragons
  A troll (D:9)
  Prince Ribbit (D:8)
  2 hornets
  A shadow (D:9)
  Eustachio (D:6)
  3 vampire mosquitoes
  Grum (D:8)
  A steam dragon (D:6)
  2 acid dragons
  2 water moccasins
  2 orc warriors (D:9)
  A hornet zombie (D:7)
  3 wolves (D:8)
  An ogre (D:7)
  7 centaurs
  A phantom (D:9)
  2 kobold brigands
  6 bullfrogs
  2 gnoll sergeants (D:8)
  A wyvern zombie (D:7)
  2 troll zombies (D:9)
  A wyvern skeleton (D:6)
  6 killer bees (D:9)
  An electric eel (D:8)
  4 howler monkeys
  A bullfrog zombie (D:6)
  7 centaur zombies
  An orc priest (D:9)
  5 hounds
  2 gnoll shamans
  A jelly (D:5)
  2 centaur skeletons
  An iguana (D:6)
  5 orc wizards
  A statue (D:8)
  2 killer bee zombies
  6 ogre zombies (D:9)
  A hound zombie (D:5)
  A howler monkey skeleton (D:5)
  5 adders
  28 gnolls
  2 white imps
  3 ufetubi
  A worm (D:2)
  4 dart slugs (D:1)
  19 orcs
  6 bats
  8 endoplasms
  5 giant cockroaches
  9 goblins
  6 hobgoblins
  7 jackals
  16 kobolds
  A quokka (D:1)
  5 ball pythons
  A frilled lizard (D:2)
  3 goblin skeletons
  A goblin zombie (D:9)
  A hobgoblin skeleton (D:9)
  8 hobgoblin zombies (D:9)
  An orc skeleton (D:9)
  12 orc zombies (D:9)
  8 rats
261 creatures vanquished.

Vanquished Creatures (others)
  A human (D:7)
  6 plants
7 creatures vanquished.

Grand Total: 268 creatures vanquished

Notes
Turn   | Place    | Note
-------+----------+-------------------------------------------
     0 | D:1      | Decritt the Deep Dwarf Fighter began the quest for the Orb.
     0 | D:1      | Reached XP level 1. HP: 20/20 MP: 1/1
    54 | D:1      | Reached XP level 2. HP: 24/27 MP: 2/2
   424 | D:1      | Reached XP level 3. HP: 21/34 MP: 3/3
  1005 | D:2      | Reached skill level 3 in Axes
  1153 | D:3      | Reached XP level 4. HP: 36/42 MP: 4/4
  1323 | D:3      | Found a faded altar of an unknown god.
  1815 | D:4      | Found a blossoming altar of Fedhas.
  1864 | D:5      | Entered Level 5 of the Dungeon
  1879 | D:5      | Reached XP level 5. HP: 24/49 MP: 4/4
  1925 | D:4      | HP: 2/49 [gnoll (4)]
  1930 | D:4      | Reached skill level 4 in Axes
  1955 | D:4      | HP: 1/49 [gnoll shaman (2)]
  1989 | D:4      | Reached XP level 6. HP: 20/57 MP: 5/5
  2124 | D:4      | Found a staircase to the Ecumenical Temple.
  2137 | Temple   | Entered the Ecumenical Temple
  2180 | Temple   | Became a worshipper of Makhleb the Destroyer
  2337 | D:4      | Found a sparkling altar of Nemelex Xobeh.
  2443 | D:4      | Found a broken altar of Ashenzari.
  2480 | D:4      | Found a hazy altar of Hepliaklqana.
  2792 | D:5      | Found an opulent altar of Gozag.
  2871 | D:5      | Reached skill level 5 in Axes
  2952 | D:5      | Reached skill level 5 in Armour
  2952 | D:5      | Reached skill level 1 in Invocations
  2952 | D:5      | Reached XP level 7. HP: 41/57 MP: 6/6
  3110 | D:5      | Reached skill level 5 in Shields
  3325 | D:6      | Reached * piety under Makhleb
  3391 | D:6      | Noticed Eustachio
  3415 | D:6      | Killed Eustachio
  3416 | D:6      | Reached skill level 6 in Axes
  3416 | D:6      | Reached skill level 1 in Dodging
  3433 | D:6      | Noticed a steam dragon
  3438 | D:6      | Killed a steam dragon
  3439 | D:6      | Reached XP level 8. HP: 49/73 MP: 9/9
  3698 | D:6      | Noticed Maggie
  3704 | D:6      | Killed Maggie
  3705 | D:6      | Reached skill level 7 in Axes
  3874 | D:7      | Found a glowing golden altar of the Shining One.
  3937 | D:7      | Reached skill level 5 in Fighting
  3992 | D:7      | Found a runed translucent door.
  3998 | D:7      | Found a basalt altar of Yredelemnul.
  4290 | D:7      | Noticed a komodo dragon
  4689 | D:7      | Gained mutation: You passively map the area around you.
                  | [Deep Dwarf growth]
  4689 | D:7      | Reached XP level 9. HP: 67/81 MP: 9/9
  4757 | D:7      | Killed a komodo dragon
  4758 | D:7      | Reached skill level 8 in Axes
  4758 | D:7      | Reached skill level 5 in Invocations
  5885 | D:8      | Found Nepsaor's Antique Weapon Shop.
  5887 | D:8      | Noticed Psyche
  5887 | D:8      | Noticed a boulder beetle
  5924 | D:8      | Killed Psyche
  5925 | D:8      | Reached skill level 9 in Axes
  5932 | D:8      | Killed a boulder beetle
  6032 | D:8      | Found a radiant altar of Vehumet.
  6058 | D:8      | Reached ** piety under Makhleb
  6062 | D:8      | Reached skill level 5 in Dodging
  6064 | D:8      | Reached XP level 10. HP: 56/91 MP: 8/8
  6094 | D:8      | Noticed Grum
  6106 | D:8      | Killed Grum
  6206 | D:8      | Found a staircase to the Lair.
  6581 | D:8      | Noticed Prince Ribbit
  6589 | D:8      | Killed Prince Ribbit
  7226 | D:9      | Reached skill level 10 in Axes
  7236 | D:9      | Reached *** piety under Makhleb
  7361 | D:9      | Paralysed by a hornet for 1 turns
  7461 | D:9      | Noticed a two-headed ogre
  7472 | D:9      | Killed a two-headed ogre
  7531 | D:9      | Found a staircase to the Orcish Mines.
  7568 | D:9      | Noticed a deep elf pyromancer
  7594 | D:9      | Killed a deep elf pyromancer
  7938 | D:9      | Reached XP level 11. HP: 47/103 MP: 8/8
  7976 | D:10     | Entered Level 10 of the Dungeon
  8078 | D:10     | Paralysed by a hornet for 1 turns
  8256 | D:10     | Noticed a two-headed ogre
  8440 | D:10     | Killed a two-headed ogre
  8440 | D:10     | Reached **** piety under Makhleb
  8812 | D:11     | Noticed a purple ugly thing
  8837 | D:10     | Killed a purple ugly thing
  8939 | D:11     | Noticed a green ugly thing
  8954 | D:10     | Slain by a troll

Illustrated notes

Levels and vault maps discovered:
D:1:      lemuel_arrival_tunnels, layout_loops_cross, corexii_leaking_fountain,
          serial_bayou_pond_c
D:2:      layout_rooms
D:3:      layout_basic, shapermc_ecumenical_altar_ellora, serial_bayou_ford_a
D:4:      layout_loops_ring, nemelex_spade_bored_becter,
          mainiacjoe_overflow_catwalk_spiral, mainiacjoe_overflow_brackets,
          temple_fountains
D:5:      layout_cave_pools, mainiacjoe_overflow_boulevard,
          grunt_decor_mini_mirrors, nrook_mini_vaults
D:6:      layout_basic, st_stairs_12, grunt_ministairs_8, dk_noncrumbling_2,
          uniq_eustachio, uniq_maggie
D:7:      kennysheep_big_flooded_room, layout_loops_corners, tso_altar,
          dk_yredelemnul_ordeal, chequers_mini_garden
D:8:      layout_basic, vehumet_statue, david_lair_shrubbed, serial_shops,
          nicolae_shop_advertising_works [nicolae_subvault_shop_adworks],
          uniq_grum, uniq_prince_ribbit1, uniq_psyche
D:9:      layout_long_grid, zombieorc2_lemuel, enter_bailey_5, eino_curves_02
D:10:     layout_gridville
D:11:     layout_big_octagon, trove_entry_hex_spiral, hangedman_decor_riveting,
          uniq_nergalle
Temple:   nicolae_temple_great_sept

Skill      XL: |  1  2  3  4  5  6  7  8  9 10 11 |
---------------+----------------------------------+-----
Fighting       | 3 4 5 6 7 8 |  8.3
Axes           | 3 4 5 6 7 9 10 | 10.9
Armour         | 4 5 6 7 8 9 |  9.0
Shields        | 4 5 |  5.7
Invocations    | 1 3 4 6 8 |  8.8
Dodging        | 1 3 5 6 |  6.6

Action                   |  1- 3 |  4- 6 |  7- 9 | 10-12 || total
-------------------------+-------+-------+-------+-------++-------
Melee: War axe           |   119 |   179 |   252 |   339 ||   889
 Abil: Heal Wounds       |     1 |     7 |    14 |    21 ||    43
  Use: Scroll            |       |     5 |    12 |     4 ||    21
       Potion            |       |       |     4 |       ||     4
Armor: Scale mail        |    61 |   134 |    38 |       ||   233
       Acid dragon scale |       |       |    86 |   158 ||   244
Dodge: Dodged            |    64 |   132 |   151 |   285 ||   632
Block: Buckler           |    28 |    75 |    72 |    74 ||   249
       Kite shield       |       |       |       |    61 ||    61

Table legend: (Time is in decaauts)
 A = Elapsed time spent in this place.
 B = Non-inter-level travel time spent in this place.
 C = Inter-level travel time spent in this place.
 D = Time resting spent in this place.
 E = Time spent auto-exploring this place.
 F = Levels seen in this place.
 G = Mean time per level.
                   A        B        C        D        E       F      G
               +--------+--------+--------+--------+--------+-----+--------+
         Total |   9110 |   8880 |    230 |   1172 |   5189 |  12 |  759.2 |
       Dungeon |   8956 |   8726 |    230 |   1072 |   5160 |  11 |  814.2 |
        Temple |    153 |    153 |      0 |    100 |     29 |   1 |  153.0 |
               +--------+--------+--------+--------+--------+-----+--------+

Top non-repeatable levels by time:
     D:7: 1554 daAuts
     D:8: 1397 daAuts
     D:9: 979 daAuts
    D:10: 935 daAuts
     D:4: 851 daAuts
     D:6: 750 daAuts
     D:1: 738 daAuts
     D:3: 678 daAuts
     D:5: 568 daAuts
     D:2: 446 daAuts
  Temple: 153 daAuts
    D:11: 56 daAuts
